 Dungeon Crawl Stone Soup version 0.24.0-7-gb3623d2c88 (webtiles) character file.

Game seed: 13593754944994569190, levelgen mode: deterministic

65 Nivan the Conjurer (level 3, -4/26 HPs)
             Began as a Draconian Conjurer on Nov 2, 2019.
             Killed by nerve-wracking pain
             ... invoked by Jessica
              (13 damage)
             ... on level 2 of the Dungeon.
             The game lasted 00:03:51 (769 turns).

Nivan the Conjurer (Draconian Conjurer)              Turns: 769, Time: 00:03:51

Health: -4/26      AC:  5    Str: 10    XL:     3   Next: 92%
Magic:  0/6        EV: 12    Int: 16    God:
Gold:   42         SH:  0    Dex: 11    Spells: 5/6 levels left

rFire    . . .     SeeInvis .   a - +1 mace (drain)
rCold    . . .     Gourm    .   (no shield)
rNeg     . . .     Faith    .   (armour unavailable)
rPois    .         Spirit   .   (helmet restricted)
rElec    .         Reflect  .   (no cloak)
rCorr    .         Harm     .   (no gloves)
MR       .....                  (no boots)
Stlth    ++........             (no amulet)
HPRegen  0.08/turn              (no ring)
MPRegen  0.10/turn              (no ring)

@: no status effects
A: unfitting armour, cold-blooded, AC +5
a: no special abilities


You were on level 2 of the Dungeon.
You were not hungry.

You visited 1 branch of the dungeon, and saw 2 of its levels.

You collected 42 gold pieces.

Inventory:

Hand Weapons
 a - a +1 mace of draining (weapon)
 b - a +2 mace of protection
Scrolls
 c - a scroll of enchant weapon {unknown}
 d - 2 scrolls of identify {unknown}
 e - a scroll of remove curse {unknown}
 f - 5 scrolls of teleportation {unknown}
Potions
 g - 2 potions of brilliance {unknown}
 h - a potion of degeneration {unknown}
 i - 2 potions of heal wounds {unknown}
 k - a potion of berserk rage {unknown}
Comestibles
 l - 3 rations


   Skills:
 + Level 1.0 Maces & Flails
 + Level 1.8 Dodging
 + Level 2.0 Stealth
 + Level 2.0 Spellcasting
 + Level 5.2 Conjurations


You had 5 spell levels left.
You knew the following spells:

 Your Spells              Type           Power        Failure   Level  Hunger
a - Magic Dart            Conj           ###.         2%          1    #......

Your spell library contained the following spells:

 Spells                   Type           Power        Failure   Level  Hunger
 Searing Ray              Conj           ###...       3%          2    ###....
 Dazzling Spray           Conj/Hex       ##....       22%         3    ###....
 Iskenderun's Mystic Bla  Conj           ###.....     24%         4    #####..
 Force Lance              Conj/Tloc      ##......     56%         4    #####..
 Fulminant Prism          Conj/Hex       ##........   56%         4    #####..


Dungeon Overview and Level Annotations

Branches:
Dungeon (2/15)

Altars:

Annotations:
D:2 Jessica


Innate Abilities, Weirdness & Mutations

Your plain brown scales are hard. (AC +5)
You cannot fit into any form of body armour.
You are cold-blooded and may be slowed by cold attacks.


Message History

Ouch! That really hurt!
You are too injured to fight recklessly!
You are too injured to fight recklessly!
You are too injured to fight recklessly!
You are too injured to fight recklessly!
Casting: Magic Dart (safe; 2% risk of failure)
Confirm with . or Enter, or press ? or * to list all spells.
Aiming: Magic Dart (safe; 2% risk of failure)
Press: ? - help, Shift-Dir - straight line, f - Jessica
Aim: Jessica, wearing a +0 robe The magic dart hits Jessica.
Jessica is moderately wounded.
Jessica casts a spell at you.
You barely resist. You closely miss Jessica. You tail-slap Jessica.
Jessica is heavily wounded.
Jessica casts a spell at you. Pain shoots through your body!
Ouch! That really hurt!
You die...

...#...# .....#.####
####+#..#.#....#
#....#..#....#
##.#..#.##.##.#
##..#.......##.#
#...#.>..#####.###
###'###..##.........
#..@.#...##.....####
#...@#..###.....#
#..$.#..###.....#
#...............#
#....#..........##
#....#.##........#
#....# ##......†.#
.....# ####....#.#
......#.#.#


You could see Jessica.

Vanquished Creatures
  3 adders (D:2)
  2 dart slugs (D:1)
  A leopard gecko (D:1)
  3 bats (D:1)
  3 giant cockroaches
  6 goblins
  4 hobgoblins (D:1)
  6 kobolds (D:1)
  A frilled lizard (D:1)
  3 rats (D:1)
32 creatures vanquished.

Notes
Turn   | Place    | Note
-------+----------+-------------------------------------------
     0 | D:1      | Nivan the Draconian Conjurer began the quest for the Orb.
     0 | D:1      | Reached XP level 1. HP: 14/14 MP: 3/3
    71 | D:1      | Reached XP level 2. HP: 18/20 MP: 3/5
   435 | D:1      | Reached XP level 3. HP: 26/26 MP: 0/6
   738 | D:2      | Reached skill level 5 in Conjurations
   743 | D:2      | Reached skill level 1 in Maces & Flails
   758 | D:2      | Noticed Jessica
   769 | D:2      | Killed from afar by Jessica

Levels and vault maps discovered:
D:1:      dpeg_arrival_simpleton_c, layout_loops_ring, kennysheep_flooded_box
D:2:      layout_basic, marbit_many_paths, first_ration, hangedman_ru_absence,
          uniq_terence, uniq_jessica

Skill      XL: |  1  2  3 |
---------------+----------+-----
Stealth        | 2 |  2.0
Conjurations   | 5 |  5.2
Maces & Flails | 1 |  1.0
Dodging        | |  1.8
Spellcasting   | |  2.0

Action                   || total
-------------------------++-------
Melee: Club              ||    18
       Unarmed           ||     7
       Tailslap          ||     5
       Mace              ||    17
 Cast: Magic Dart        ||    44
Armor: Skin              ||    14
Dodge: Dodged            ||    27
